 Dungeon Sprint DCSS version 0.30.1-4-g462c640d31 (webtiles) character file.

Game seed: 5419752112514411937

10425 Heoruswealwe the Ninja (level 11, -3/53 HPs)
             Began as a Spriggan Artificer on Aug 29, 2023.
             Was an Initiate of Gozag.
             Killed by divine providence
             ... invoked by a meliai
              (11 damage)
             ... in the Dungeon (Sprint I: "Red Sonja").
             The game lasted 00:29:24 (1453 turns).

Heoruswealwe the Ninja (Spriggan Artificer)         Turns: 1453, Time: 00:29:25

Health: -3/53      AC:  4    Str:  8    XL:     11   Next: 36%
Magic:  1/12       EV: 34    Int: 16    God:    Gozag
Gold:   807        SH:  5    Dex: 21    Spells: 10/10 levels left

rFire   . . .        a - +2 dagger (venom)
rCold   . . .        (no shield)
rNeg    + . .        c - +2 robe
rPois   +            (helmet restricted)
rElec   +            (no cloak)
rCorr   .            (gloves unavailable)
SInv    +            (boots unavailable)
Will    ++...        i - amulet of the Komtur {Reflect rPois Int+2 SH+5}
Stlth   ++++++++++   k - ring "Guvia" {rElec rN+ Will+ Int+2}
HPRegen 0.28/turn    j - ring of flight
MPRegen 0.13/turn

%: no teleportation, reflection
@: flying, very quick
A: very small, no large weapons, unfitting armour, see invisible, speed 3
a: Renounce Religion, Potion Petition, Call Merchant, Bribe Branch


You were in the Dungeon.
You worshipped Gozag.
Gozag was pleased with you.
You visited 1 branch You collected 4146 gold pieces.
You spent 3303 gold pieces at shops.
You donated 36 gold pieces to Zin.

Inventory:

Hand Weapons
 a - a +2 dagger of venom (weapon)
Armour
 c - a +2 robe (worn)
Jewellery
 i - the amulet of the Komtur (around neck) {Reflect rPois Int+2 SH+5}
   (You bought it in a shop in the Dungeon)

   [amulet of reflection]

   It reflects blocked missile attacks.
   Int:       It affects your intelligence (+2).
   rPois:     It protects you from poison.
   SH:        It affects your SH (+5).
 j - a ring of flight (right hand)
 k - the ring "Guvia" (left hand) {rElec rN+ Will+ Int+2}
   (You bought it in a shop in the Dungeon)

   [ring of positive energy]

   Int:       It affects your intelligence (+2).
   rElec:     It insulates you from electricity.
   rN:        It protects you from negative energy.
   Will:      It increases your willpower.
Wands
 b - a wand of flame (19) (quivered)
 d - a wand of charming (15)
 l - a wand of digging (2)
Scrolls
 m - a scroll of enchant weapon
 n - a scroll of fear
 o - a scroll of fog
 w - a scroll of poison
 y - a scroll of summoning
 A - 4 scrolls of identify
Potions
 f - 4 potions of curing
 g - 2 potions of heal wounds
 h - a potion of haste
 p - a potion of might
 q - 2 potions of magic
 r - a potion of cancellation
 u - a potion of berserk rage
 z - a potion of mutation
Miscellaneous
 s - a condenser vane


   Skills:
 + Level 4.0 Fighting
 + Level 5.1 Short Blades
 + Level 18.3 Dodging
 O Level 27 Stealth
 * Level 19.3 Evocations


You had 10 spell levels left.
You didn't know any spells.
Your spell library contained the following spells:

 Spells                   Type           Power      Damage    Failure   Level
 Conjure Ball Lightning   Conj/Air       0%         3x3d6     100%        6
 Discord                  Hex            0%         N/A       100%        8
 Disjunction              Tloc           0%         N/A       100%        8


Dungeon Overview and Level Annotations

Branches:
Dungeon (1/1)

Altars:
Cheibriados
Dithmenos
Elyvilon
Fedhas
Gozag
Hepliaklqana
Kikubaaqudgha
Makhleb
Nemelex Xobeh
Okawaru
Qazlal
Ru
Sif Muna
Trog
Uskayaw
Vehumet
Wu Jian
Xom
Yredelemnul
Zin
The Shining One
Jiyva
Lugonu

Shops:
D [:[=(??*(*[(?*:?!=*[(


Innate Abilities, Weirdness & Mutations

You are very small and have problems with some larger weapons.
You are too small for most types of armour.
You have supernaturally acute eyesight. (SInv)
You cover ground extremely quickly. (Speed+++)


Message History

There is an open door here.
You see here a +0 plate armour.
Aiming: Iceblast
Press: ? - help, Shift-Dir - straight line, f - lorocyproca
Aim: a lorocyproca (slightly transparent)
The mass of ice explodes!
The iceblast engulfs the lorocyproca!
The lorocyproca partially resists.
The lorocyproca is lightly wounded.
Okay, then.
Blink to where?
Press: ? - help, Dir - move target, p - lorocyproca
As you read the scroll of blinking, it crumbles to dust.
Aiming: Iceblast
Press: ? - help, Shift-Dir - straight line, f - lorocyproca
Aim: a lorocyproca (lightly wounded, slightly transparent)
The mass of ice explodes!
The iceblast engulfs the lorocyproca!!
The lorocyproca partially resists.
The lorocyproca is heavily wounded.
The meliai invokes the aid of its god against you.
Something smites you!
* * * LOW HITPOINT WARNING * * *
Aiming: Iceblast
Press: ? - help, Shift-Dir - straight line, f/p - lorocyproca
Aim: a lorocyproca (heavily wounded, slightly transparent)
The mass of ice explodes!
The iceblast engulfs the lorocyproca!!
The lorocyproca partially resists.
The lorocyproca is almost dead.
The now-empty wand crumbles to dust.
You feel much better. The lorocyproca hits you!!
You feel your power leaking away.
You barely miss the lorocyproca.
The lorocyproca is almost dead.
The meliai calls down the wrath of its god upon you.
Something smites you!
* * * LOW HITPOINT WARNING * * *
The lorocyproca closely misses you.
The meliai mumbles some strange prayers to its god against you.
Something smites you!
You die...
Your body crumbles into a pile of gold.

###########**********************
#..'..)#()#,$$,+,,,,,,+,$*,,+$$$$
'..#...##'#$###*,,,,,**$,+,,*$$$$
####)..'..#$#[###,,,*******+*$$,$
#§.#####..+$#'#$###+*,,,**,,*$$$$
~§.#..##+####..$#y#,**$$$*,,**$$$
§).+..#.°...#..$###,,***$*,,~***+
§§)#..#°°°..+..$2$#*,*,*$*,,~,,*,
#####'###.).#...@.#,,***$*,,~,**+
[.###.+.#.○○###++##,**,,$*,,~**,,
###.###.#.°##*,,***,,*+***,,~*,,,
..'(∩##.#°.#***$$***,,,*,~,,**,,,
#######§##+#$$*$$*$***,*,~,,*,,,,
.....##§##(#$$$$$$$$$*,***,,*,,,,
......+.####$$$$$$$$$*,*,+,,**,,,
'######§#$,+$$$$$$****+*,**+**$$$
......#§#****$$$***,,,,*^*~~~**$$


You could see a lorocyproca (invisible) and a meliai.

Vanquished Creatures
  2 centaur warriors (D)
  Sonja (D)
  A deep troll (D)
  8 shining eyes (D)
  An oklob plant (D)
  4 demonic crawlers (D)
  A gargoyle (D)
  2 unseen horrors (D)
  2 kobold demonologists (D)
  A hornet (D)
  Sigmund (D)
  A slime creature (D)
  A yak (D)
  2 redbacks (D)
  6 floating eyes (D)
  An ogre (D)
  7 necrophages (D)
  8 jellies (D)
  Ijyb (D)
  A ballistomycete spore (D)
52 creatures vanquished.

Vanquished Creatures (others)
  A ballistomycete spore (D)
1 creature vanquished.

Grand Total: 53 creatures vanquished

Notes
Turn   | Place    | Note
-------+----------+-------------------------------------------
     0 | D        | Heoruswealwe the Spriggan Artificer began the quest for the
                  | Orb.
     0 | D        | Reached XP level 1. HP: 9/9 MP: 2/2
     1 | D        | Noticed Ijyb
     5 | D        | Killed Ijyb
     6 | D        | Reached skill level 6 in Stealth
     6 | D        | Reached skill level 5 in Evocations
     6 | D        | Reached XP level 2. HP: 14/14 MP: 3/3
    35 | D        | Noticed an ogre
    41 | D        | Killed an ogre
    42 | D        | Reached skill level 10 in Stealth
    42 | D        | Reached XP level 3. HP: 17/17 MP: 4/4
    42 | D        | Reached XP level 4. HP: 21/21 MP: 5/5
    53 | D        | Noticed Sigmund
    56 | D        | Killed Sigmund
    57 | D        | Reached skill level 13 in Stealth
    57 | D        | Reached XP level 5. HP: 25/25 MP: 6/6
    57 | D        | Reached XP level 6. HP: 29/29 MP: 7/7
    69 | D        | Found an ornate altar of the Wu Jian Council.
    69 | D        | Found a shimmering blue altar of Sif Muna.
    71 | D        | Found a radiant altar of Vehumet.
    76 | D        | Reached skill level 14 in Stealth
   104 | D        | Found Gaukhlas's Jewellery Emporium.
   104 | D        | Found an ancient bone altar of Kikubaaqudgha.
   104 | D        | Found a hazy altar of Hepliaklqana.
   104 | D        | Found a stormy altar of Qazlal.
   104 | D        | Found a hide-covered altar of Uskayaw.
   104 | D        | Found a blossoming altar of Fedhas.
   104 | D        | Found a bloodstained altar of Trog.
   104 | D        | Found an iron altar of Okawaru.
   104 | D        | Found a basalt altar of Yredelemnul.
   104 | D        | Found a glowing golden altar of the Shining One.
   104 | D        | Found a snail-covered altar of Cheibriados.
   104 | D        | Found a sacrificial altar of Ru.
   104 | D        | Found a glowing silver altar of Zin.
   104 | D        | Found a shadowy altar of Dithmenos.
   104 | D        | Found a white marble altar of Elyvilon.
   104 | D        | Noticed a yak
   105 | D        | Found an opulent altar of Gozag.
   106 | D        | Killed a yak
   107 | D        | Reached skill level 10 in Dodging
   107 | D        | Reached skill level 15 in Stealth
   107 | D        | Reached skill level 10 in Evocations
   107 | D        | Found a sparkling altar of Nemelex Xobeh.
   112 | D        | Became a worshipper of Zin the Law-Giver
   112 | D        | Reached * piety under Zin
   112 | D        | Reached ** piety under Zin
   112 | D        | Reached *** piety under Zin
   112 | D        | Reached **** piety under Zin
   112 | D        | Reached ***** piety under Zin
   112 | D        | Reached ****** piety under Zin
   121 | D        | Noticed Sonja
   125 | D        | Killed Sonja
   126 | D        | Reached skill level 18 in Stealth
   126 | D        | Reached XP level 7. HP: 32/32 MP: 8/8
   126 | D        | Reached XP level 8. HP: 37/37 MP: 9/9
   141 | D        | Found Farehibb's Antique Armour Boutique.
   151 | D        | Noticed a shining eye
   151 | D        | Noticed a shining eye
   151 | D        | Noticed a shining eye
   151 | D        | Noticed a shining eye
   151 | D        | Noticed a shining eye
   151 | D        | Noticed a shining eye
   154 | D        | Noticed a shining eye
   154 | D        | Noticed a shining eye
   157 | D        | Reached skill level 19 in Stealth
   161 | D        | Paralysed by a floating eye for 2 turns
   168 | D        | Killed a shining eye
   169 | D        | Reached skill level 20 in Stealth
   171 | D        | Killed a shining eye
   172 | D        | Reached skill level 21 in Stealth
   172 | D        | Reached XP level 9. HP: 40/40 MP: 10/10
   174 | D        | Killed a shining eye
   175 | D        | Reached skill level 22 in Stealth
   180 | D        | Killed a shining eye
   210 | D        | Killed a shining eye
   211 | D        | Reached skill level 23 in Stealth
   211 | D        | Reached skill level 15 in Evocations
   226 | D        | Killed a shining eye
   227 | D        | Reached skill level 15 in Dodging
   238 | D        | Killed a shining eye
   239 | D        | Reached skill level 24 in Stealth
   239 | D        | Reached XP level 10. HP: 44/44 MP: 11/11
   250 | D        | Killed a shining eye
   270 | D        | Found Qukhehidgh's Book Shoppe.
   270 | D        | Found Ozycamax's Antique Weapon Shop.
   270 | D        | Found Peathruili's Armour Emporium.
   270 | D        | Found Ulurch's Magic Scroll Boutique.
   308 | D        | Fell from the grace of Zin
   308 | D        | Became a worshipper of Gozag Ym Sagoz the Greedy
   433 | D        | Noticed a deep troll
   437 | D        | Killed a deep troll
   438 | D        | Reached skill level 25 in Stealth
   448 | D        | Found Feoxac's Armour Emporium.
   469 | D        | Noticed a centaur warrior
   470 | D        | Noticed a centaur warrior
   473 | D        | Killed a centaur warrior
   480 | D        | Killed a centaur warrior
   481 | D        | Reached skill level 26 in Stealth
   562 | D        | Noticed an oklob plant
   564 | D        | Killed an oklob plant
   610 | D        | Reached skill level 27 in Stealth
   628 | D        | Reached skill level 1 in Fighting
   628 | D        | Reached skill level 1 in Short Blades
   693 | D        | Reached XP level 11. HP: 49/49 MP: 12/12
   762 | D        | Found Boragh's Assorted Antiques.
   762 | D        | Found Ocwen's Magic Scroll Shop.
   762 | D        | Found Hunon's Weapon Boutique.
   768 | D        | Found Edi Nisk's Jewellery Boutique.
   768 | D        | Found Onuvism's Weapon Emporium.
   768 | D        | Found Qasov's Assorted Antiques.
   770 | D        | Found Erhaatuo's Distillery.
   770 | D        | Found Joppia's Magic Scroll Shoppe.
   770 | D        | Found Dumm's Book Shop.
   770 | D        | Found Araxzep's General Store.
   770 | D        | Found Opnao's Magic Scroll Boutique.
   770 | D        | Found Vaudika's Weapon Shoppe.
   770 | D        | Found Untez's Antique Armour Shop.
   774 | D        | Bought a scroll labelled RIODIPSEPNE for 21 gold pieces
   774 | D        | Found Dynicib's General Store.
   784 | D        | Bought a bubbling puce potion for 21 gold pieces
   784 | D        | Bought a condenser vane for 960 gold pieces
   797 | D        | Bought a scroll of identify for 24 gold pieces
   801 | D        | Bought a scroll of identify for 26 gold pieces
   801 | D        | Bought a scroll of identify for 26 gold pieces
   837 | D        | Found a burning altar of Makhleb.
   837 | D        | Found a viscous altar of Jiyva.
   837 | D        | Found a shimmering altar of Xom.
   837 | D        | Found a corrupted altar of Lugonu.
  1170 | D        | Bought the amulet of the Komtur {Reflect rPois Int+2 SH+5}
                  | for 590 gold pieces
  1170 | D        | Bought the ring "Guvia" {rElec rN+ Will+ Int+2} for 569
                  | gold pieces
  1199 | D        | Bought a ring of flight for 245 gold pieces
  1238 | D        | Bought an embroidered robe for 114 gold pieces
  1298 | D        | Bought a potion of heal wounds for 105 gold pieces
  1302 | D        | Bought a scroll of poison for 48 gold pieces
  1302 | D        | Bought a potion of heal wounds for 60 gold pieces
  1303 | D        | Bought a scroll of magic mapping for 82 gold pieces
  1306 | D        | Bought a glowing robe for 81 gold pieces
  1307 | D        | Bought a potion of mutation for 104 gold pieces
  1307 | D        | Bought a scroll of summoning for 123 gold pieces
  1307 | D        | Bought 3 scrolls of identify for 78 gold pieces
  1307 | D        | Bought a scroll of identify for 26 gold pieces
  1410 | D        | Identified the +7 spear "Unymuc" {heavy, rPois Int+3}
  1422 | D        | Reached skill level 5 in Short Blades
  1437 | D        | Noticed a lorocyproca
  1453 | D        | Killed from afar by a meliai

Illustrated notes

Levels and vault maps discovered:
D:        dungeon_sprint_1 [red_sonja_temple_1, red_sonja_temple_small_1]

Skill      XL: |  1  2  3  4  5  6  7  8  9 10 11 |
---------------+----------------------------------+-----
Dodging        | 4 6 8 11 13 15 17 18 | 18.3
Stealth        | 6 10 13 18 21 24 27 | 27.0
Evocations     | 5 7 9 12 13 15 17 19 | 19.3
Fighting       | 1 4 |  4.0
Short Blades   | 1 5 |  5.1

Action                     |  1- 3 |  4- 6 |  7- 9 | 10-12 || total
---------------------------+-------+-------+-------+-------++-------
  Melee: Dagger            |     1 |     4 |    52 |    70 ||   127
         Punch             |       |       |       |     1 ||     1
  Evoke: Wand              |     5 |       |       |     7 ||    12
    Use: Scroll            |       |       |       |     6 ||     6
         Potion            |       |       |       |     1 ||     1
   Stab: Sleeping          |     1 |     4 |     7 |    30 ||    42
         Distracted        |       |       |       |     2 ||     2
  Dodge: Dodged            |     1 |       |       |    40 ||    41
